 Dungeon Crawl Stone Soup version 0.28-a0-863-g8cecda6153 (webtiles) character file.

Game seed: 3999785220647697751

267188 RepHenryClay the Acrobat (level 19, -4/179 HPs)
             Began as a Grey Draconian Berserker on Nov 18, 2021.
             Was a High Priest of Trog.
             Killed from afar by a red draconian scorcher (10 damage)
             ... with a searing blast
             ... on level 3 of the Abyss on Nov 19, 2021.
             The game lasted 01:27:09 (43429 turns).

RepHenryClay the Acrobat (DrBe)                    Turns: 43429, Time: 01:27:09

Health: -4/179     AC: 20    Str: 25      XL:     19   Next: 34%
Magic:  16/16      EV: 22    Int:  3 (4)  God:    Trog [*****.]
Gold:   1518       SH:  6    Dex: 13      Spells: 20/20 levels left

rFire   + . .      SeeInvis .   b - +4 scimitar (flame)
rCold   . . .      Faith    .   h - +0 buckler
rNeg    + . .      Spirit   .   (armour unavailable)
rPois   .          Reflect  .   d - +2 hat {Will+}
rElec   .          Harm     .   l - +2 cloak
rCorr   .          Rampage  .   E - +2 pair of gloves
Will    ++++.                   o - +0 pair of boots
Stlth   ++++......              X - amulet of regeneration
HPRegen 2.39/turn               W - ring of positive energy
MPRegen 0.15/turn               S - ring "Katim" {Fly rF+ Str+4}

@: mighty, strong-willed, corroded, flying, regenerating, hasted, unable to
read, very quick
A: AC +15, amphibious, unfitting armour, cold-blooded, [clumsy 2], [dopey 2],
[low mp 2], [subdued magic 2], [inability to read while threatened]
}: 2/15 runes: barnacled, gossamer
a: Renounce Religion, Berserk, Trog's Hand, Brothers in Arms


You were on level 3 of the Abyss.
You worshipped Trog.
Trog was extremely pleased with you.
You visited 7 branches of the dungeon, and saw 33 of its levels.
You visited the Abyss 3 times.
You also visited: Bailey.

You collected 3130 gold pieces.
You spent 1612 gold pieces at shops.

Inventory:

Hand Weapons
 a - the +8 arc blade {discharge, rElec}
   (You found it on level 4 of the Dungeon)

   It occasionally unleashes powerful arcs of lightning upon striking a foe.
   These may arc to other adjacent creatures (including the wielder, but dealing
   reduced damage to them) before grounding out.
   rElec:     It insulates you from electricity.
 b - a +4 scimitar of flaming (weapon)
 f - a +2 lajatang of speed
 t - a +2 double sword of flaming
Missiles
 c - 6 silver javelins
 j - 6 javelins
 s - 91 poisoned darts (quivered)
 F - 17 throwing nets
Armour
 d - a +2 hat of willpower (worn)
 h - a +0 buckler (worn)
 l - a +2 cloak (worn)
 o - a +0 pair of boots (worn)
 w - the +0 cloak of Perfidy {rElec Stlth+}
   (You bought it in a shop on level 2 of the Orcish Mines)

   rElec:     It insulates you from electricity.
   Stlth:     It makes you more stealthy.
 E - a +2 pair of gloves (worn)
Jewellery
 g - an amulet of magic regeneration
 y - a +4 ring of protection
 A - a ring of resist corrosion
 C - an amulet of guardian spirit
 K - a ring of poison resistance
 S - the ring "Katim" (right hand) {Fly rF+ Str+4}
   (You found it on level 4 of the Spider Nest)

   [ring of protection from fire]

   Str:       It affects your strength (+4).
   rF:        It protects you from fire.
   Fly:       It grants you flight.
 T - a ring of protection from cold
 V - a +4 ring of evasion
 W - a ring of positive energy (left hand)
 X - an amulet of regeneration (around neck)
Wands
 p - a wand of flame (96)
 H - a wand of iceblast (32)
 L - a wand of acid (12)
 O - a wand of digging (9)
 Q - a wand of mindburst (29)
Scrolls
 i - 4 scrolls of teleportation
 k - 4 scrolls of blinking
 n - 5 scrolls of magic mapping
 u - 12 scrolls of identify {@r1}
 v - 3 scrolls of enchant armour
 x - 7 scrolls of enchant weapon
 D - 3 scrolls of fear
 I - 2 scrolls of immolation
 P - 2 scrolls of summoning
 U - a scroll of fog
Potions
 e - 2 potions of resistance
 m - 10 potions of flight
 q - 8 potions of curing
 r - 3 potions of haste
 z - 5 potions of berserk rage
 B - 5 potions of mutation
 G - a potion of heal wounds
 J - a potion of cancellation
 M - 3 potions of might
 N - 15 potions of ambrosia
 R - 3 potions of attraction


   Skills:
 + Level 18.0 Fighting
 - Level 15.0(15.4) Short Blades
 - Level 6.1(11.5) Long Blades
 - Level 3.0(8.1) Slings
 - Level 11.8(12.0) Throwing
 + Level 21.2 Dodging
 - Level 10.7 Stealth
 - Level 8.0 Shields
 - Level 1.1 Spellcasting


You had 20 spell levels left.
You didn't know any spells.
Your spell library was empty.

Dungeon Overview and Level Annotations

Branches:
Dungeon (15/15)            Temple (0/1) D:6            Lair (6/6) D:11
 Shoals (4/4) Lair:4       Spider (4/4) Lair:4        Slime (0/5) Lair:6
    Orc (2/2) D:10            Elf (1/3) Orc:2        Vaults (1/5) D:14
 Depths (0/4) D:15         Bailey (visited)

Altars:
Gozag
Nemelex Xobeh
Okawaru
Wu Jian
Xom
Beogh
Jiyva

Shops:
D:2 =   D:3 ([   D:14 :   Orc:1 (   Orc:2 [(:*:*   Elf:1 ::=   Shoals:1 *
Shoals:2 (   Shoals:4 [

Portals:
Abyss: Orc:2

Annotations:
Orc:2 2 transporters, devnull's ghost, journeyman MfGl


Innate Abilities, Weirdness & Mutations

Your dull iron-grey scales are very hard. (AC +15)
You are amphibious.
You cannot fit into any form of body armour.
You are cold-blooded and may be slowed by cold attacks.
[You are very clumsy. (Dex -4)]
[You are very dopey. (Int -4)]
[Your magical capacity is very low. (-20% MP)]
[Your spells are easier to cast, but less powerful.]
[You sometimes lose the ability to read scrolls when taking damage.]


Message History

The white draconian stormcaller prays to Qazlal.
Send 'em back where they came from!
Trog shields your ally from puny magic!
The red draconian scorcher hits you with a +0 whip.
* * * LOW HITPOINT WARNING * * *
Damage: -2%(-3hp) hp: 37%(66hp) Unknown command.
The arc blade stops crackling.
Your +4 scimitar of flaming bursts into flame!
b - a +4 scimitar of flaming (weapon)
The neqoxec hits your ogre!
The yellow draconian annihilator mumbles some strange words.
The yellow draconian annihilator blinks!
Something hits you!
* * * LOW HITPOINT WARNING * * *
Your ogre barely misses the neqoxec.
Damage: -6%(-12hp) hp: 31%(54hp) Unknown command.
You cannot read scrolls in your current state!
You feel very mighty all of a sudden.
The draconian hits you but does no damage.
You block the rime drake's attack.
The red draconian scorcher casts a spell at you.
The bolt of magma hits you!! You partially resist.
* * * LOW HITPOINT WARNING * * *
Something hits you.
* * * LOW HITPOINT WARNING * * *
Your ogre barely misses the neqoxec.
The neqoxec hits your ogre!
The yellow draconian annihilator casts a spell.
The yellow draconian annihilator blinks!
You hear a bellow!
Huge Dmg: -13%(-23hp) hp: 18%(31hp)
You feel yourself speed up. Something hits you!!
* * * LOW HITPOINT WARNING * * *
The rime drake bites you but does no damage.
The draconian closely misses you.
A raiju comes into view.
The red draconian scorcher breathes fire at you.
The searing blast hits you! You resist.
You die...

#. .. ##. # .. #
### # # #... #
.#. # # ##.
##'## # ... .#
.##.§.###......
. # .
#'#...##©.##...#
.. φ#3©.##...#
..# . .
#'#qO.##©..
..... . #@d.#
#.##.. . ##k##
#.. #.. . # .d{.
##? .# . . # .
q...#.###.# .
...q.# #... .#
.. # . h...#
..#. t ..
....#..# #. #. .
#..##....# . # #
# # ## ##. . .


You could see a white draconian stormcaller, a yellow draconian annihilator, a
red draconian scorcher (catching breath), 2 draconians, a raiju, a rime drake
(summoned), a neqoxec (ally target) and a friendly ogre (summoned, berserk).

Vanquished Creatures
  A dread lich (Abyss:1)
  4 tentacled starspawn (Abyss:3)
  Polyphemus (Shoals:3)
  Kirke (Spider:2)
  Gastronok (Lair:3)
  Frances (Shoals:2)
  Donald (Spider:4)
  Ilsuiw (Shoals:2)
  A frost giant (shapeshifter) (D:14)
  3 orc warlords
  5 ghost moths
  4 emperor scorpions
  Louise (Spider:1)
  A juggernaut skeleton (Abyss:3)
  An ophan (Abyss:3)
  5 very ugly things
  4 entropy weavers
  A spark wasp (Spider:4)
  A deep elf annihilator (Elf:1)
  A dire elephant (Lair:6)
  7 merfolk javelineers
  Snorg (D:10)
  2 great orbs of eyes
  5 merfolk impalers
  2 deep elf high priests (Elf:1)
  15 hydras
  An ogre mage (D:14)
  3 rakshasas
  4 vault guards (D:14)
  4 boulder beetles
  Harold (D:9)
  An ironbound thunderhulk (Vaults:1)
  4 catoblepae
  A death knight (D:14)
  2 alligator snapping turtles
  Erica (D:9)
  5 merfolk aquamancers
  4 satyrs
  6 centaur warriors
  A dancing weapon (Elf:1)
  6 merfolk avatars
  An ironbound frostheart (Vaults:1)
  26 death yaks
  A deep troll shaman (Lair:6)
  3 two-headed ogres
  A thrashing horror (Abyss:3)
  2 orc high priests
  Urug (Orc:1)
  Sonja (Lair:4)
  A sun demon (Abyss:3)
  5 deep elf knights
  Nergalle (Lair:4)
  A wretched star (Abyss:1)
  2 starcursed masses (Abyss:1)
  15 sea snakes
  A deep elf archer (Elf:1)
  A shadow demon (Abyss:3)
  22 harpies
  Pikel (D:9)
  2 ironbound convokers (Vaults:1)
  5 deep elf pyromancers
  A necromancer (Lair:3)
  31 wolf spiders
  4 deep elf zephyrmancers (Elf:1)
  5 orc knights
  A mana viper (Abyss:1)
  22 ugly things
  19 fauns
  7 orc sorcerers
  20 orb spiders
  13 manticores
  6 cyclopes
  18 elephants
  4 moths of wrath
  10 merfolk sirens
  An orange demon (Abyss:1)
  A water nymph (shapeshifter) (D:15)
  7 water nymphs
  5 black mambas
  4 gargoyles
  Psyche (D:11)
  A vault sentinel (Vaults:1)
  2 smoke demons (Abyss:3)
  2 torpor snails
  8 cane toads
  An unseen horror (D:12)
  10 rime drakes
  A yaktaur (D:14)
  3 efreet
  A freezing wraith (D:15)
  10 komodo dragons
  19 demonic crawlers
  A queen bee (D:11)
  An ancient zyme (Abyss:1)
  29 merfolk
  3 meliai (D:14)
  10 wind drakes
  2 polar bears (Lair:6)
  35 jumping spiders
  A hornet (shapeshifter) (D:14)
  5 trolls
  7 hornets
  23 blink frogs
  6 raiju (Abyss:3)
  13 snapping turtles
  A blink frog (shapeshifter) (D:15)
  17 slime creatures
  An air elemental (Elf:1)
  5 shadows
  26 tarantellas
  101 redbacks
  28 yaks
  13 water elementals
  2 ynoxinuls (Abyss:3)
  A vampire (D:10)
  6 wyverns
  Grum (D:10)
  A fire elemental (Elf:1)
  A fire bat (Abyss:3)
  A wraith (D:9)
  7 basilisks
  A hog (Spider:2)
  A chaos spawn (Abyss:3)
  A neqoxec (Abyss:3)
  Menkaure (D:7)
  6 wargs
  3 acid dragons
  15 water moccasins
  A hell hound (Lair:4)
  A hornet zombie (D:8)
  3 black bears
  2 sky beasts
  2 large abominations
  33 orc warriors
  An ice beast (D:6)
  A necrophage (D:6)
  9 ogres
  5 boggarts (D:15)
  2 elephant zombies (Lair:3)
  11 wolves
  7 centaurs
  A lemure (D:9)
  2 kobold brigands
  A komodo dragon zombie (Lair:3)
  4 small abominations
  7 bullfrogs
  A water moccasin zombie (D:6)
  A wyvern zombie (D:7)
  3 scorpions
  29 killer bees
  3 electric eels
  5 centaur zombies
  A quasit (Abyss:1)
  A bullfrog zombie (D:5)
  25 orc priests
  A basilisk zombie (Lair:3)
  A gnoll shaman (D:9)
  A hound (D:5)
  Crazy Yiuf (D:2)
  2 centaur skeletons
  An iguana (D:6)
  Ijyb (D:4)
  Jessica (D:3)
  A bullfrog skeleton (D:5)
  6 hell rats (Lair:4)
  18 orc wizards
  A killer bee zombie (D:8)
  2 hound zombies (D:5)
  2 howler monkey zombies
  A howler monkey skeleton (D:5)
  11 adders
  10 gnolls
  A shadow imp (Lair:4)
  A white imp (D:7)
  An ufetubus (D:7)
  An adder skeleton (D:4)
  A worm (D:2)
  80 orcs
  3 ball pythons
  2 bats (D:2)
  8 endoplasms
  3 giant cockroaches
  9 goblins
  11 hobgoblins
  2 jackals (D:1)
  6 quokkas
  3 frilled lizards
  26 kobolds
  4 rats
  3 starspawn tentacles (Abyss:3)
1210 creatures vanquished.

Vanquished Creatures (collateral kills)
  A hornet (Spider:4)
1 creature vanquished.

Vanquished Creatures (others)
  A catoblepas (Shoals:3)
  A wretched star (Abyss:3)
  2 jumping spiders
  A water elemental (Elf:1)
  4 humans (Spider:2)
  A tarantella (Spider:2)
  A chaos spawn (Abyss:3)
  An orc priest (Elf:1)
  37 fungi
  149 plants
  11 starspawn tentacles (Abyss:3)
  4 toadstools (D:8)
213 creatures vanquished.

Grand Total: 1424 creatures vanquished

Notes
Turn   | Place    | Note
-------+----------+-------------------------------------------
     0 | D:1      | RepHenryClay the Draconian Berserker began the quest for
                  | the Orb.
     0 | D:1      | Reached XP level 1. HP: 19/19 MP: 1/1
   273 | D:1      | Reached skill level 3 in Dodging
   276 | D:1      | Reached XP level 2. HP: 24/26 MP: 2/2
  1149 | D:1      | Reached XP level 3. HP: 28/31 MP: 3/3
  1417 | D:2      | Found a faded altar of an unknown god.
  1480 | D:2      | Reached XP level 4. HP: 18/38 MP: 4/4
  1818 | D:2      | Reached skill level 1 in Shields
  2028 | D:2      | Found a runed translucent door.
  2029 | D:2      | Noticed Crazy Yiuf
  2126 | D:2      | Found Gulauqy's Jewellery Shoppe.
  2194 | D:2      | Killed Crazy Yiuf
  2286 | D:3      | Found Zeseadui's Antique Weapon Shoppe.
  2333 | D:3      | Reached XP level 5. HP: 45/45 MP: 5/5
  2421 | D:3      | Reached ** piety under Trog
  2656 | D:3      | You fall into a shaft and drop 3 floors!
  2669 | D:6      | Reached skill level 5 in Long Blades
  2669 | D:6      | Reached skill level 4 in Dodging
  2698 | D:6      | Noticed a necrophage
  2707 | D:6      | Killed a necrophage
  2708 | D:6      | Reached XP level 6. HP: 51/51 MP: 6/6
  2791 | D:5      | Entered Level 5 of the Dungeon
  3108 | D:4      | Noticed Ijyb
  3123 | D:4      | Killed Ijyb
  3240 | D:3      | Your scales start taking on a dull iron-grey colour.
  3240 | D:3      | Reached XP level 7. HP: 57/57 MP: 7/7
  3332 | D:3      | Found Asuax's Armour Emporium.
  3421 | D:3      | Noticed Jessica
  3426 | D:3      | Killed Jessica
  3780 | D:4      | Found the +8 arc blade {discharge, rElec}
  4237 | D:5      | Reached skill level 1 in Short Blades
  4629 | D:6      | Found an ornate altar of the Wu Jian Council.
  4654 | D:6      | Found a staircase to the Ecumenical Temple.
  4732 | D:6      | Reached skill level 5 in Short Blades
  4732 | D:6      | Reached XP level 8. HP: 52/63 MP: 8/8
  5254 | D:6      | Reached *** piety under Trog
  5459 | D:7      | Reached XP level 9. HP: 66/70 MP: 9/9
  5485 | D:7      | Noticed Menkaure
  5493 | D:7      | Killed Menkaure
  6277 | D:8      | Reached skill level 10 in Short Blades
  6676 | D:8      | Reached **** piety under Trog
  7199 | D:9      | Noticed Erica
  7206 | D:9      | Killed Erica
  7207 | D:9      | Reached skill level 5 in Dodging
  7287 | D:9      | Reached XP level 10. HP: 75/77 MP: 10/10
  7297 | D:9      | Noticed Harold
  7311 | D:9      | Killed Harold
  7385 | D:9      | Found a flagged portal.
  7402 | Bailey   | Entered a bailey
  7485 | Bailey   | Noticed an orc knight
  7497 | Bailey   | Killed an orc knight
  7624 | Bailey   | Found an iron altar of Okawaru.
  7630 | Bailey   | Reached skill level 5 in Shields
  7707 | D:9      | Reached skill level 6 in Dodging
  8039 | D:9      | Noticed Pikel
  8079 | D:9      | Killed Pikel
  8193 | D:10     | Entered Level 10 of the Dungeon
  8244 | D:10     | Noticed Grum
  8263 | D:10     | Killed Grum
  8313 | D:10     | Reached ***** piety under Trog
  8371 | D:10     | Found a staircase to the Orcish Mines.
  8371 | D:10     | Noticed Snorg
  8391 | D:10     | Killed Snorg
  8392 | D:10     | Reached XP level 11. HP: 34/82 MP: 4/11
  9204 | D:11     | Reached skill level 7 in Dodging
  9263 | D:11     | Noticed Psyche
  9265 | D:11     | Killed Psyche
  9425 | D:11     | Received a gift from Trog
  9646 | D:11     | Noticed a green ugly thing
  9652 | D:11     | Killed a green ugly thing
  9736 | D:11     | Noticed a rakshasa
  9758 | D:11     | Killed a rakshasa
 10120 | D:11     | Found a staircase to the Lair.
 10458 | D:12     | Noticed a six-headed hydra
 10469 | D:12     | Killed a two-headed hydra
 10629 | D:12     | Reached skill level 8 in Dodging
 10885 | D:12     | Noticed a two-headed ogre
 10892 | D:12     | Killed a two-headed ogre
 11170 | D:13     | Reached XP level 12. HP: 78/89 MP: 8/12
 11209 | D:13     | Noticed a centaur warrior
 11222 | D:13     | Killed a centaur warrior
 11441 | D:13     | Noticed a six-headed hydra
 11448 | D:13     | Killed a six-headed hydra
 11633 | D:13     | Reached skill level 5 in Fighting
 11955 | D:14     | Noticed a centaur warrior
 11956 | D:14     | Killed a centaur warrior
 11957 | D:14     | Reached skill level 9 in Dodging
 12010 | Lair:1   | Entered Level 1 of the Lair of Beasts
 12186 | Lair:1   | Noticed a four-headed hydra
 12480 | Lair:1   | Killed a four-headed hydra
 12522 | Lair:1   | Reached skill level 10 in Dodging
 12716 | Lair:1   | Noticed a six-headed hydra
 12737 | Lair:1   | Killed a six-headed hydra
 13304 | Lair:2   | Noticed an eight-headed hydra
 13317 | Lair:2   | Killed a two-headed hydra
 13556 | Lair:2   | Noticed a six-headed hydra
 13567 | Lair:2   | Killed a one-headed hydra
 13681 | Lair:2   | Reached skill level 11 in Dodging
 13775 | Lair:2   | Noticed a catoblepas
 13784 | Lair:2   | Killed a catoblepas
 13929 | Lair:2   | Reached XP level 13. HP: 104/107 MP: 13/13
 13931 | Lair:2   | Identified the +7 short sword of Egomania {vorpal, Str+3}
                  | (Trog gifted it to you on level 2 of the Lair of Beasts)
 13931 | Lair:2   | Received a gift from Trog
 14582 | Lair:3   | Reached skill level 12 in Dodging
 14927 | Lair:3   | Noticed Gastronok
 14936 | Lair:3   | Killed Gastronok
 15374 | Lair:4   | Reached skill level 13 in Dodging
 15375 | Lair:4   | Reached skill level 10 in Fighting
 15596 | Lair:4   | Found a hole to the Spider Nest.
 15872 | Lair:4   | Found a staircase to the Shoals.
 15933 | Lair:4   | Reached XP level 14. HP: 98/122 MP: 11/14
 15936 | Lair:4   | Noticed Nergalle
 15944 | Lair:4   | Received a gift from Trog
 15971 | Lair:4   | Killed Nergalle
 15972 | Lair:4   | Reached skill level 14 in Dodging
 16220 | Lair:4   | Noticed Sonja
 16225 | Lair:4   | Cast into level 1 of the Abyss (Sonja)
 16412 | Abyss:1  | Noticed a starcursed mass
 16644 | Abyss:1  | Noticed a dread lich
 16674 | Abyss:1  | Killed a dread lich
 16678 | Lair:4   | Escaped the Abyss
 16684 | Lair:4   | Killed Sonja
 17327 | Lair:5   | Reached skill level 15 in Dodging
 17358 | Lair:5   | Received a gift from Trog
 18122 | Lair:5   | Reached skill level 16 in Dodging
 18122 | Lair:5   | Reached XP level 15. HP: 134/134 MP: 15/15
 18238 | Lair:5   | Identified the +0 robe "Osaoh" {Str+2}
 18274 | Lair:6   | Entered Level 6 of the Lair of Beasts
 18527 | Lair:6   | Found a staircase to the Slime Pits.
 18606 | Lair:6   | Found a viscous altar of Jiyva.
 18930 | Lair:6   | Identified the +2 war axe of Unreason {venom, rN+ Dex+7}
 19244 | Lair:6   | Identified the +1 helmet "Leovvats" {*Corrode rElec rC+}
 19569 | Orc:1    | Entered Level 1 of the Orcish Mines
 19584 | Orc:1    | Noticed an orc warlord
 19632 | D:10     | Received a gift from Trog
 19699 | D:10     | Killed an orc warlord
 19791 | Orc:1    | Noticed an orc warlord
 20053 | D:10     | Killed an orc warlord
 20291 | Orc:1    | Found Recol's Weapon Shop.
 20338 | Orc:1    | Noticed Urug
 20347 | Orc:1    | Killed Urug
 20719 | Orc:2    | Entered Level 2 of the Orcish Mines
 20744 | Orc:2    | Reached skill level 17 in Dodging
 21149 | Orc:2    | Found Jagaluff's Self-Improvement Boutique.
 21236 | Orc:2    | Found a transporter.
 21280 | Orc:2    | Found a staircase to the Elven Halls.
 21285 | Orc:2    | Found a transporter.
 21291 | Orc:2    | Found a one-way gate to the infinite horrors of the Abyss.
 21294 | Orc:2    | Noticed an orc warlord
 21325 | Orc:2    | Killed an orc warlord
 21332 | Orc:2    | Noticed devnull's ghost (journeyman MfGl)
 21385 | Orc:2    | Reached ****** piety under Trog
 21385 | Orc:2    | Received a gift from Trog
 21400 | Orc:2    | Found Gucinwir's Antique Weapon Emporium.
 21458 | Orc:2    | Found Botro Hej's Antique Armour Emporium.
 21510 | Orc:2    | Found Turhuf's Book Emporium.
 21693 | Orc:2    | Found Diass's Assorted Antiques.
 21701 | Orc:2    | Bought a faintly humming cloak for 266 gold pieces
 21701 | Orc:2    | Identified the +0 cloak of Perfidy {rElec Stlth+} (You
                  | bought it in a shop on level 2 of the Orcish Mines)
 21701 | Orc:2    | Bought a scroll of teleportation for 84 gold pieces
 21802 | Orc:2    | Found Mauhuaz's General Store.
 21808 | Orc:2    | Bought a scroll of teleportation for 42 gold pieces
 23441 | D:14     | Reached skill level 18 in Dodging
 23443 | D:14     | Reached XP level 16. HP: 141/147 MP: 14/16
 23486 | D:14     | Found a gate to the Vaults.
 23975 | D:14     | Found Saar's Book Boutique.
 24233 | D:15     | Entered Level 15 of the Dungeon
 24385 | D:15     | Reached skill level 15 in Fighting
 24400 | D:15     | Found a staircase to the Depths.
 24711 | D:15     | Received a gift from Trog
 25527 | D:15     | Found a hazy altar of Hepliaklqana.
 25529 | D:15     | Found a shimmering altar of Xom.
 25529 | D:15     | Found an opulent altar of Gozag.
 25531 | D:15     | Found a sparkling altar of Nemelex Xobeh.
 25531 | D:15     | Found a hazy altar of Hepliaklqana.
 25531 | D:15     | Found an iron altar of Okawaru.
 25943 | D:2      | Bought a ring of poison resistance for 220 gold pieces
 26245 | Spider:1 | Entered Level 1 of the Spider Nest
 26434 | Spider:1 | Reached skill level 19 in Dodging
 26450 | Spider:1 | Reached skill level 1 in Throwing
 26689 | Lair:4   | Received a gift from Trog
 26690 | Lair:4   | Reached skill level 5 in Throwing
 27406 | Spider:1 | Noticed Louise
 27409 | Spider:1 | Cast into level 3 of the Abyss (Louise)
 27438 | Abyss:3  | Noticed a tentacled starspawn
 27443 | Abyss:3  | Killed a tentacled starspawn
 27516 | Abyss:3  | Reached skill level 1 in Spellcasting
 27594 | Abyss:3  | Noticed a tentacled starspawn
 27606 | Abyss:3  | Noticed a tentacled starspawn
 27615 | Abyss:3  | Killed a tentacled starspawn
 27616 | Abyss:3  | Killed a tentacled starspawn
 27686 | Abyss:3  | Noticed a tentacled starspawn
 27703 | Abyss:3  | Killed a tentacled starspawn
 27704 | Abyss:3  | Reached skill level 10 in Throwing
 27829 | Spider:1 | Escaped the Abyss
 27839 | Spider:1 | Killed Louise
 27840 | Spider:1 | Reached XP level 17. HP: 155/156 MP: 18/18
 28275 | Spider:2 | Received a gift from Trog
 28788 | Spider:2 | Noticed Kirke
 28817 | Spider:2 | Killed Kirke
 31333 | Spider:4 | Entered Level 4 of the Spider Nest
 31351 | Spider:4 | Received a gift from Trog
 32447 | Spider:4 | Reached skill level 20 in Dodging
 32612 | Spider:4 | Identified the ring "Katim" {Fly rF+ Str+4}
 33103 | Spider:4 | Noticed Donald
 33424 | Spider:4 | Killed Donald
 33431 | Spider:4 | Paralysed by a hornet for 2 turns
 33628 | Spider:4 | Received a gift from Trog
 34221 | Spider:4 | Got a gossamer rune of Zot
 34461 | Shoals:1 | Entered Level 1 of the Shoals
 34623 | Shoals:1 | Reached XP level 18. HP: 156/168 MP: 17/19
 34715 | Shoals:1 | Found Pappa's Practical Paraphernalia.
 34855 | Shoals:1 | Bought a ring of protection from cold for 350 gold pieces
 35472 | Shoals:2 | You are sucked into a shaft and drop 1 floor!
 35672 | Shoals:3 | Noticed Polyphemus
 36053 | Shoals:3 | Reached skill level 1 in Stealth
 36057 | Shoals:3 | Received a gift from Trog
 36082 | Shoals:2 | Noticed Ilsuiw
 36108 | Shoals:2 | Killed Ilsuiw
 36144 | Shoals:2 | Found Qoatseheo's Weapon Boutique.
 36556 | Shoals:2 | Reached skill level 5 in Stealth
 36769 | Shoals:2 | Noticed Frances
 36787 | Shoals:2 | Killed Frances
 37568 | Shoals:3 | Identified the +10 falchion "Ysuesm" {vorpal, rF+ Str+4}
                  | (Trog gifted it to you on level 3 of the Shoals)
 37568 | Shoals:3 | Received a gift from Trog
 38016 | Shoals:3 | Killed Polyphemus
 39093 | Shoals:4 | Entered Level 4 of the Shoals
 39568 | Shoals:4 | Reached skill level 10 in Stealth
 39829 | Shoals:4 | Received a gift from Trog
 40159 | Shoals:4 | Reached skill level 1 in Slings
 40311 | Shoals:4 | Reached skill level 15 in Short Blades
 40536 | Shoals:4 | Reached XP level 19. HP: 154/177 MP: 17/20
 40763 | Shoals:4 | Found Omoucrecwa's Armour Emporium.
 40940 | Shoals:4 | Got a barnacled rune of Zot
 41718 | Shoals:4 | Found Omoucrecwa's Armour Emporium.
 42406 | Vaults:1 | Entered Level 1 of the Vaults
 42558 | Vaults:1 | Reached skill level 21 in Dodging
 42794 | Elf:1    | Entered Level 1 of the Elven Halls
 42957 | Elf:1    | Found Danacki's Book Emporium.
 42958 | Elf:1    | Found Naruzoig's Jewellery Boutique.
 42961 | Elf:1    | Found Vuntuakh's Book Emporium.
 43014 | Elf:1    | Bought a ring of positive energy for 260 gold pieces
 43014 | Elf:1    | Bought an amulet of regeneration for 390 gold pieces
 43085 | Elf:1    | Received a gift from Trog
 43253 | Elf:1    | Cast into level 3 of the Abyss (+1 trident of distortion)
 43290 | Abyss:3  | Found a transporter.
 43429 | Abyss:3  | HP: 6/179 [something (28)]
 43429 | Abyss:3  | Killed from afar by a red draconian scorcher

Illustrated notes

Levels and vault maps discovered:
D:1:      lemuel_arrival_lava_pool, layout_loops_corners, nrook_mini_backslash,
          nicolae_figureground_sparkle
D:2:      layout_rooms, shapermc_ecumenical_altar_mp_urbaneastern, serial_shops,
          nicolae_shop_waterfront, uniq_crazy_yiuf_cottage
D:3:      layout_loops_cross, serial_shops, nicolae_shop_behind_doors,
          nicolae_shop_overgrown_old_shop, st_stairs_8, minmay_misc_feat_cross,
          kennysheep_generic_room_4, uniq_jessica
D:4:      layout_basic, uniq_ijyb
D:5:      layout_gridville, serial_rivers, chequers_serial_rivers_room_b,
          chequers_serial_rivers_micro_b, chequers_serial_rivers_small_a,
          chequers_serial_rivers_large_b
D:6:      layout_gridville, mainiacjoe_overflow_boulevard, temple_pool_b
D:7:      layout_basic, corexii_corridor_pit, uniq_menkaure
D:8:      layout_loops_corners, minmay_gold_behind_fungi
D:9:      layout_basic, enter_bailey_5, uniq_erica, uniq_pikel, uniq_harold
D:10:     layout_irregular_city, erik_orc_4, uniq_grum, uniq_snorg
D:11:     layout_roguey [special_room_bee], lair_entry_dummy,
          grunt_decor_one_mirror, uniq_psyche
D:12:     layout_rooms, dk_vineyard_2, st_stairs_7
D:13:     layout_small_grid
D:14:     layout_basic, grunt_vaults_entry_fortified, serial_shops,
          kennysheep_little_box
D:15:     gammafunk_enter_depths_forms, layout_basic, doesnt_xom_only_xom
Lair:1:   layout_cave_pods, grunt_megastairs_5
Lair:2:   layout_chaotic_city, chequers_serial_rivers_room_a
Lair:3:   pond_and_an_island_with_a_cottage, layout_loops_ring, uniq_gastronok
Lair:4:   layout_roguey [special_room_mythical_zoo], shoals_dummy_entry,
          nicolae_spider_entry_tight_spaces, beast_lair_carwin_10,
          uniq_nergalle, uniq_sonja
Lair:5:   layout_hall_layers
Lair:6:   grunt_lair_end_beastmaster, layout_regular_city, slime_altar_1,
          infiniplex_staircase_pool, lemuel_fruit_fields
Shoals:1: layout_shoals, nicolae_alphabet_shops
Shoals:2: layout_shoals, serial_shops, nicolae_stop_n_shop_1, uniq_ilsuiw,
          uniq_frances
Shoals:3: layout_shoals, uniq_polyphemus
Shoals:4: shoals_end_hangedman, layout_shoals, shoals_ilsuiw_ice, serial_shops,
          shop
Spider:1: layout_spider_delve, drop_trap, hangedman_spider_tarantella_strand,
          uniq_louise
Spider:2: layout_chambers, uniq_kirke
Spider:3: layout_spider_delve
Spider:4: grunt_spider_rune_parallel, worms_lemuel, uniq_donald
Orc:1:    layout_caves, serial_shops, nicolae_shop_trees,
          hellmonk_bongcloud_opening, uniq_urug
Orc:2:    grunt_orc_cross, layout_caves, serial_shops, nicolae_lakefront_shop,
          gammafunk_ghost_abyssal_escape, nicolae_orc_pool_cavern,
          nicolae_shop_self_help
Elf:1:    elf_arrival_001, layout_gridlike, serial_aquarium,
          aquarium_bridge_straight [aquarium_subvault_bridge,
          aquarium_subvault_wall, aquarium_subvault_bridge,
          aquarium_subvault_wall], aquarium_window_1, aquarium_window_1,
          aquarium_view_2b, aquarium_view_2e, aquarium_pool_double, orc_legates,
          minmay_shop_grove
Vaults:1: v_pattern_3, v_misc_33, ontoclasm_vaults_pinch, vaults_room_grid,
          vaults_room_grunt_arrival_checkpoint, vaults_mumra_chevron,
          hangedman_vaults_unwind, vaults_room_ringed_pool,
          nicolae_vaults_what_the_h, nicolae_vaults_little_squares_4,
          hangedman_vaults_river_flow, layout_vaults_omnicross
Abyss:3:  base: Lair:5, hangedman_abyss_shoalhut, hangedman_abyss_exit_choices,
          due_exit_kobolds, evilmike_abyss_exit_16,
          due_evilmike_abyss_rune_seething_liches, base: Spider:4,
          gammafunk_abyss_rune_reverse_zot, gammafunk_abyss_rune_reverse_zot

Skill      XL: |  1  2  3  4  5  6  7  8  9 10 11 12 13 14 15 16 17 18 19 |
---------------+----------------------------------------------------------+-----
Dodging        | 3 4 5 6 8 11 13 16 18 19 20 21 | 21.2
Long Blades    | 4 5 6 |  6.1
Shields        | 1 2 3 4 6 7 8 |  8.0
Short Blades   | 5 8 11 13 14 15 | 15.0
Fighting       | 7 10 12 14 15 16 17 18 | 18.0
Throwing       | 10 11 | 11.8
Spellcasting   | 1 |  1.1
Stealth        | 10 | 10.7
Slings         | 2 3 |  3.0

Action                   |  1- 3 |  4- 6 |  7- 9 | 10-12 | 13-15 | 16-18 | 19-21 || total
-------------------------+-------+-------+-------+-------+-------+-------+-------++-------
Melee: Falchion          |   100 |   138 |    28 |       |       |       |       ||   266
       Tailslap          |    15 |    22 |    23 |    79 |   238 |   431 |    55 ||   863
       Rapier            |       |       |   176 |   451 |  1186 |  1985 |   258 ||  4056
       Scimitar          |       |       |       |    23 |       |     6 |     1 ||    30
Throw: Dart              |       |       |     4 |       |     4 |   123 |     4 ||   135
       Javelin           |       |       |       |       |       |     1 |       ||     1
Invok: Berserk           |     3 |     5 |     2 |     6 |    10 |     4 |       ||    30
       Trog's Hand       |       |       |       |     1 |     7 |    17 |     4 ||    29
       Brothers in Arms  |       |       |       |       |     1 |     1 |     1 ||     3
Evoke: Wand              |       |       |       |       |     2 |     1 |       ||     3
  Use: Potion            |       |       |     6 |       |       |     7 |     2 ||    15
       Scroll            |       |       |       |    18 |     4 |    11 |     2 ||    35
 Stab: Sleeping          |       |       |       |     2 |     2 |     3 |     5 ||    12
       Petrified         |       |       |       |       |    12 |       |       ||    12
       Petrifying        |       |       |       |       |     4 |       |       ||     4
       Paralysed         |       |       |       |       |       |     2 |       ||     2
       Held in net/web   |       |       |       |       |       |     1 |       ||     1
       Invisible         |       |       |       |       |       |     2 |       ||     2
       Distracted        |       |       |       |       |       |     1 |     3 ||     4
Armor: Skin              |    28 |    63 |    96 |   149 |   259 |   610 |    58 ||  1263
Dodge: Dodged            |    71 |    81 |   119 |   234 |   593 |  1817 |   161 ||  3076
Block: Buckler           |     7 |    19 |    40 |   100 |   235 |   567 |    51 ||  1019

Table legend: (Time is in decaauts)
 A = Elapsed time spent in this place.
 B = Non-inter-level travel time spent in this place.
 C = Inter-level travel time spent in this place.
 D = Time resting spent in this place.
 E = Time spent auto-exploring this place.
 F = Levels seen in this place.
 G = Mean time per level.
                   A        B        C        D        E       F      G
               +--------+--------+--------+--------+--------+-----+--------+
         Total |  41803 |  39291 |   2512 |   6829 |  25396 |  37 | 1129.8 |
       Dungeon |  16265 |  14911 |   1354 |   2087 |  10715 |  15 | 1084.3 |
          Lair |   7207 |   6681 |    526 |    872 |   4719 |   6 | 1201.2 |
        Shoals |   7369 |   7230 |    139 |   1430 |   4388 |   4 | 1842.2 |
   Spider Nest |   7050 |   6790 |    260 |   1897 |   3625 |   4 | 1762.5 |
  Orcish Mines |   2105 |   1907 |    198 |    206 |   1315 |   2 | 1052.5 |
   Elven Halls |    406 |    406 |      0 |     98 |    198 |   1 |  406.0 |
        Vaults |    204 |    172 |     32 |      0 |    128 |   1 |  204.0 |
         Abyss |    935 |    935 |      0 |    237 |    193 |   3 |  311.7 |
        Bailey |    258 |    258 |      0 |      0 |    115 |   1 |  258.0 |
               +--------+--------+--------+--------+--------+-----+--------+

Top non-repeatable levels by time:
Shoals:4: 2591 daAuts
Spider:2: 2404 daAuts
Shoals:3: 2207 daAuts
    D:14: 1729 daAuts
  Lair:4: 1726 daAuts
Spider:4: 1706 daAuts
Spider:3: 1687 daAuts
Shoals:2: 1640 daAuts
    D:10: 1629 daAuts
     D:1: 1597 daAuts
    D:15: 1440 daAuts
  Lair:1: 1355 daAuts
    D:11: 1298 daAuts
  Lair:3: 1267 daAuts
Spider:1: 1252 daAuts
